 Dungeon Crawl Stone Soup version 0.23.2 (webtiles) character file.

Game seed: 15463316745365816722

268 cklessthan3 the Charmwright (level 6, -1/50 HPs)
             Began as a Gnoll Skald on Apr 9, 2019.
             Was an Initiate of Dithmenos.
             Slain by a two-headed ogre
             ... wielding a +0 giant club
              (14 damage)
             ... on level 4 of the Dungeon.
             The game lasted 00:08:25 (2884 turns).

cklessthan3 the Charmwright (Gnoll Skald)           Turns: 2884, Time: 00:08:26

Health: -1/50      AC:  7    Str: 15    XL:     6   Next: 21%
Magic:  13/13      EV: 12    Int: 16    God:    Dithmenos [......]
Gold:   164        SH:  0    Dex: 14    Spells: 14/15 levels left

rFire    + . .     SeeInvis .   p - +1 mace (crush)
rCold    . . .     Gourm    .   (no shield)
rNeg     . . .     Faith    .   r - +1 scale mail {rF+}
rPois    .         Spirit   .   (no helmet)
rElec    .         Reflect  .   (no cloak)
rCorr    .         Harm     .   (no gloves)
MR       .....                  (no boots)
Stlth    +.........             (no amulet)
HPRegen  0.16/turn              (no ring)
MPRegen  0.13/turn              (no ring)

@: no status effects
A: distributed training, fangs 1, strong nose
a: Renounce Religion


You were on level 4 of the Dungeon.
You worshipped Dithmenos.
Dithmenos was noncommittal.
You were not hungry.

You visited 1 branch of the dungeon, and saw 4 of its levels.

You collected 164 gold pieces.

Inventory:

Hand Weapons
 a - a +0 falchion
 i - a +0 mace of protection
 p - a +1 mace of crushing (weapon)
Missiles
 e - 69 stones (quivered)
 k - 2 tomahawks
 t - 22 sling bullets
Armour
 r - a +1 scale mail of fire resistance (worn)
Jewellery
 v - an uncursed ring of protection from fire {unknown}
Scrolls
 b - 2 scrolls of blinking {unknown}
 c - a scroll of enchant armour {unknown}
 f - 3 scrolls of noise {unknown}
 h - a scroll of amnesia {unknown}
 j - 3 scrolls of identify {unknown}
 o - 3 scrolls of remove curse
 u - 2 scrolls of teleportation {unknown}
 w - a scroll of fear {unknown}
Potions
 g - a potion of berserk rage {unknown}
 l - a potion of ambrosia {unknown}
 m - a potion of might {unknown}
 n - a potion of haste {unknown}
 q - a potion of degeneration {unknown}
 s - 2 potions of curing {unknown}
 x - a potion of brilliance {unknown}
Comestibles
 d - 3 rations


   Skills:
 + Level 4.9 Fighting
 + Level 1.8 Short Blades
 + Level 4.9 Long Blades
 + Level 1.8 Axes
 + Level 1.8 Maces & Flails
 + Level 1.8 Polearms
 + Level 1.8 Staves
 + Level 1.8 Slings
 + Level 1.8 Bows
 + Level 1.8 Crossbows
 + Level 1.8 Throwing
 + Level 3.1 Armour
 + Level 4.9 Dodging
 + Level 1.8 Stealth
 + Level 1.8 Shields
 + Level 1.8 Unarmed Combat
 + Level 5.3 Spellcasting
 + Level 1.4 Conjurations
 + Level 1.4 Hexes
 + Level 5.6 Charms
 + Level 1.4 Summonings
 + Level 1.4 Necromancy
 + Level 1.4 Translocations
 + Level 1.4 Transmutations
 + Level 1.4 Fire Magic
 + Level 1.4 Ice Magic
 + Level 1.4 Air Magic
 + Level 1.4 Earth Magic
 + Level 1.4 Poison Magic
 + Level 2.0 Invocations
 + Level 1.8 Evocations


You had 14 spell levels left.
You knew the following spells:

 Your Spells              Type           Power        Failure   Level  Hunger
a - Infusion              Chrm           ###.         5%          1    None

Your spell library contained the following spells:

 Spells                   Type           Power        Failure   Level  Hunger
 Song of Slaying          Chrm           ###.....     9%          2    #......
 Shroud of Golubria       Chrm/Tloc      ###.......   21%         2    #......
 Regeneration             Chrm/Necr      ###.......   36%         3    ###....
 Spectral Weapon          Hex/Chrm       ###.....     36%         3    ###....


Dungeon Overview and Level Annotations

Branches:
Dungeon (4/15)             Temple (0/1) D:4

Altars:
Cheibriados
Dithmenos
Gozag
Makhleb
Okawaru
Vehumet
Wu Jian
Xom
Yredelemnul


Innate Abilities, Weirdness & Mutations

Your experience applies equally to all skills.
You have very sharp teeth.
Your uncanny sense of smell can sniff out nearby items.


Message History

The worker ant bites you. The worker ant barely misses you.
You sock the worker ant!
You kill the worker ant!
Dithmenos accepts your kill.
The two-headed ogre hits you with a +0 giant club!!
The two-headed ogre hits you but does no damage.
Your scale mail prevents you from hitting the two-headed ogre.
Your bite misses the two-headed ogre.
The two-headed ogre hits you with a +0 giant club.
The two-headed ogre hits you but does no damage.
You hit the two-headed ogre.
The two-headed ogre is lightly wounded.
The two-headed ogre misses you.
The two-headed ogre hits you with a +0 giant club!
* * * LOW HITPOINT WARNING * * *
You are too injured to fight recklessly!
As you read the scroll labeled YRGHOON LUMMIZI, it crumbles to dust.
You feel blessed for a moment.
It was a scroll of remove curse.
The two-headed ogre hits you with a +0 giant club!
You die...

#..###.............
#.###...#...††.........
##>... #................
#..... ##.#..##########.
#.....# #..##.........†.
....... #...##..........
#......##....##.........
#.....O#..>.###.##......
#@....# #.##......
........##...#..##......
....?..####....###......
....#.# .#### #......
... .. ## #...... .. ..#
#...... . ... #......
...# #...... #......


You could see a two-headed ogre.

Vanquished Creatures
  A bullfrog (D:2)
  A crimson imp (D:4)
  Terence (D:3)
  2 worker ants
  2 adders (D:3)
  An adder skeleton (D:4)
  2 worms
  3 dart slugs (D:3)
  2 leopard geckos
  An orc (D:3)
  3 giant cockroaches
  3 goblins (D:2)
  6 hobgoblins
  10 jackals
  4 kobolds
  3 quokkas
  7 bats
  5 frilled lizards
  4 rats
61 creatures vanquished.

Notes
Turn   | Place    | Note
-------+----------+-------------------------------------------
     0 | D:1      | cklessthan3 the Gnoll Skald began the quest for the Orb.
     0 | D:1      | Reached XP level 1. HP: 20/20 MP: 6/6
   510 | D:1      | Reached XP level 2. HP: 24/26 MP: 7/7
   895 | D:2      | Noticed a bullfrog
   915 | D:2      | Killed a bullfrog
   915 | D:2      | Reached skill level 1 in Short Blades
   915 | D:2      | Reached skill level 1 in Axes
   915 | D:2      | Reached skill level 1 in Maces & Flails
   915 | D:2      | Reached skill level 1 in Polearms
   915 | D:2      | Reached skill level 1 in Staves
   915 | D:2      | Reached skill level 1 in Slings
   915 | D:2      | Reached skill level 1 in Bows
   915 | D:2      | Reached skill level 1 in Crossbows
   915 | D:2      | Reached skill level 1 in Throwing
   915 | D:2      | Reached skill level 1 in Stealth
   915 | D:2      | Reached skill level 1 in Shields
   915 | D:2      | Reached skill level 1 in Unarmed Combat
   915 | D:2      | Reached skill level 5 in Spellcasting
   915 | D:2      | Reached skill level 1 in Invocations
   915 | D:2      | Reached skill level 1 in Evocations
   915 | D:2      | Reached XP level 3. HP: 12/31 MP: 7/9
   915 | D:2      | Reached XP level 4. HP: 15/38 MP: 8/11
  1385 | D:2      | Reached skill level 1 in Conjurations
  1385 | D:2      | Reached skill level 1 in Hexes
  1385 | D:2      | Reached skill level 1 in Summonings
  1385 | D:2      | Reached skill level 1 in Necromancy
  1385 | D:2      | Reached skill level 1 in Translocations
  1385 | D:2      | Reached skill level 1 in Transmutations
  1385 | D:2      | Reached skill level 1 in Fire Magic
  1385 | D:2      | Reached skill level 1 in Ice Magic
  1385 | D:2      | Reached skill level 1 in Air Magic
  1385 | D:2      | Reached skill level 1 in Earth Magic
  1385 | D:2      | Reached skill level 1 in Poison Magic
  1394 | D:2      | Found a shadowy altar of Dithmenos.
  1407 | D:2      | Became a worshipper of Dithmenos the Shadowed
  1728 | D:3      | Noticed Terence
  1739 | D:3      | Killed Terence
  1739 | D:3      | Reached XP level 5. HP: 28/43 MP: 12/12
  1759 | D:3      | Found a faded altar of an unknown god.
  2673 | D:4      | Found an opulent altar of Gozag.
  2673 | D:4      | Found a snail-covered altar of Cheibriados.
  2673 | D:4      | Found an iron altar of Okawaru.
  2673 | D:4      | Found an ornate altar of the Wu Jian Council.
  2673 | D:4      | Found a shimmering altar of Xom.
  2673 | D:4      | Found a burning altar of Makhleb.
  2673 | D:4      | Found a radiant altar of Vehumet.
  2674 | D:4      | Found a basalt altar of Yredelemnul.
  2688 | D:4      | Reached XP level 6. HP: 50/50 MP: 13/13
  2873 | D:4      | Found a staircase to the Ecumenical Temple.
  2878 | D:4      | Noticed a two-headed ogre
  2884 | D:4      | Slain by a two-headed ogre

Skill      XL: |  1  2  3  4  5 |
---------------+----------------+-----
Short Blades   | 1 |  1.8
Axes           | 1 |  1.8
Maces & Flails | 1 |  1.8
Polearms       | 1 |  1.8
Staves         | 1 |  1.8
Slings         | 1 |  1.8
Bows           | 1 |  1.8
Crossbows      | 1 |  1.8
Throwing       | 1 |  1.8
Stealth        | 1 |  1.8
Shields        | 1 |  1.8
Unarmed Combat | 1 |  1.8
Spellcasting   | 5 |  5.3
Invocations    | 1 2 |  2.0
Evocations     | 1 |  1.8
Conjurations   | 1 |  1.4
Hexes          | 1 |  1.4
Summonings     | 1 |  1.4
Necromancy     | 1 |  1.4
Translocations | 1 |  1.4
Transmutations | 1 |  1.4
Fire Magic     | 1 |  1.4
Ice Magic      | 1 |  1.4
Air Magic      | 1 |  1.4
Earth Magic    | 1 |  1.4
Poison Magic   | 1 |  1.4
Armour         | 3 |  3.1
Fighting       | |  4.9
Long Blades    | |  4.9
Dodging        | |  4.9
Charms         | |  5.6

Action                   |  1- 3 |  4- 6 || total
-------------------------+-------+-------++-------
Melee: Falchion          |    25 |       ||    25
       Bite              |     8 |    12 ||    20
       Mace              |    34 |   165 ||   199
       Punch             |       |     1 ||     1
  Use: Scroll            |       |     1 ||     1
 Stab: Sleeping          |       |     1 ||     1
  Eat: Ration            |       |     2 ||     2
Armor: Ring mail         |    46 |    32 ||    78
       Scale mail        |       |    41 ||    41
Dodge: Dodged            |    68 |   139 ||   207
       Rpst.: Falchion   |     6 |       ||     6
